 Dungeon Crawl Stone Soup version 0.29-a0-398-ge13fd1374b (webtiles) character file.

Game seed: 15417733607014431819

67 Hubjo the Firebug (level 3, -5/21 HPs)
             Began as a Deep Elf Fire Elementalist on May 12, 2022.
             Was a Believer of Sif Muna.
             Slain by Sigmund
             ... wielding a +0 vorpal scythe
              (11 damage)
             ... on level 3 of the Dungeon.
             The game lasted 00:02:46 (2086 turns).

Hubjo the Firebug (Deep Elf Fire Elementalist)      Turns: 2086, Time: 00:02:46

Health: -5/21      AC:  2    Str:  5    XL:     3   Next: 98%
Magic:  6/10       EV: 12    Int: 21    God:    Sif Muna [**....]
Gold:   109        SH:  0    Dex: 15    Spells: 8/9 levels left

rFire   + . .      SeeInvis .   l - +3 dagger of Classification {pain, rF+ Will+}
rCold   . . .      Faith    .   (no shield)
rNeg    . . .      Spirit   .   a - +0 robe
rPois   .          Reflect  .   (no helmet)
rElec   .          Harm     .   (no cloak)
rCorr   .          Rampage  .   (no gloves)
Will    +....                   (no boots)
Stlth   ++........              (no amulet)
HPRegen 0.07/turn               (no ring)
MPRegen 0.12/turn               (no ring)

@: no status effects
A: no striking features
a: Renounce Religion, Channel Magic


You were on level 3 of the Dungeon.
You worshipped Sif Muna.
Sif Muna was pleased with you.
You visited 1 branch of the dungeon, and saw 3 of its levels.

You collected 109 gold pieces.

Inventory:

Hand Weapons
 l - the +3 dagger of Classification (weapon) {pain, rF+ Will+}
   (You found it on level 2 of the Dungeon)

   In the hands of one skilled in necromantic magic, it inflicts extra damage on
   living creatures.
   rF:        It protects you from fire.
   Will:      It increases your willpower.
Armour
 a - a +0 robe (worn)
Scrolls
 c - a scroll of torment {unknown}
 g - a scroll of magic mapping {unknown}
 i - 2 scrolls of identify {unknown}
Potions
 b - a potion of magic
 d - 3 potions of resistance {unknown}
 e - 2 potions of curing {unknown}
 f - a potion of berserk rage {unknown}
 h - a potion of ambrosia {unknown}
 j - a potion of haste {unknown}
 k - 2 potions of flight {unknown}


   Skills:
 * Level 1.6 Fighting
 - Level 2.4 Dodging
 + Level 3.3 Stealth
 + Level 3.7 Spellcasting
 - Level 1.1 Conjurations
 + Level 3.8 Fire Magic


You had 8 spell levels left.
You knew the following spells:

 Your Spells              Type           Power      Damage    Failure   Level
a - Foxfire               Conj/Fire      56%        2x1d6     4%          1

Your spell library contained the following spells:

 Spells                   Type           Power      Damage    Failure   Level
 Scorch                   Fire           38%        2d6       3%          2
 Conjure Flame            Conj/Fire      14%        6-21      14%         3
 Inner Flame              Hex/Fire       11%        N/A       17%         3
 Frozen Ramparts          Ice            6%         1d2       36%         3
 Gell's Gravitas          Tloc           3%         N/A       36%         3
 Teleport Other           Tloc           3%         N/A       36%         3
 Flame Wave               Conj/Fire      14%        2d6       41%         4
 Ice Form                 Ice/Tmut       3%         N/A       77%         4
 Summon Ice Beast         Ice/Summ       3%         N/A       77%         4
 Dispersal                Tloc           1%         N/A       100%        6


Dungeon Overview and Level Annotations

Branches:
Dungeon (3/15)

Altars:
Sif Muna

Shops:
D:1 ([=(

Annotations:
D:3 Sigmund


Message History

Done exploring.
Done exploring.
Done exploring.
Okay, then.
There is a stone staircase leading down here.
You climb downwards.
There is a stone staircase leading up here.
Sigmund the Dreaded comes into view.
He is wielding a +0 vorpal scythe and wearing a +1 robe of the Archmagi.
Sigmund shouts!
Sigmund is nearby!
You conjure some foxfire!
Sigmund points at you and mumbles some strange words.
The puff of flame hits you. You resist.
You conjure some foxfire!
There is not enough space to conjure foxfire!
There is not enough space to conjure foxfire!
The foxfire hits Sigmund.
Sigmund is lightly wounded.
The foxfire hits Sigmund but does no damage.
Sigmund is lightly wounded.
The foxfire hits Sigmund.
Sigmund is moderately wounded.
You conjure some foxfire!
Sigmund barely misses you.
You conjure some foxfire!
The foxfire hits Sigmund.
Sigmund is moderately wounded.
The foxfire hits Sigmund but does no damage.
Sigmund is moderately wounded.
The foxfire hits Sigmund.
Sigmund is moderately wounded.
You conjure some foxfire!
Sigmund gestures wildly while chanting.
Sigmund flickers and vanishes!
Deactivating autopickup; reactivate with Ctrl-A.
Your foxfire dissipates!
The foxfire hits something. x2; Something hits you!
* * * LOW HITPOINT WARNING * * *
There is a stone staircase leading up, spattered with blood here.
Something hits you!
Ouch! That really hurt!
You die...

..# ..# ..# #..
..# #.#
#######.#
.......@####.##
#######..{.....
#ยง###.### #.#
#.. ###


There were no monsters in sight!

Vanquished Creatures
  2 adders (D:2)
  2 dart slugs (D:1)
  An orc (D:2)
  5 bats
  5 endoplasms
  4 goblins
  3 hobgoblins
  4 jackals (D:1)
  4 kobolds
  2 quokkas
  3 ball pythons
  3 frilled lizards (D:2)
  2 rats (D:1)
40 creatures vanquished.

Vanquished Creatures (collateral kills)
  A foxfire (D:1)
1 creature vanquished.

Vanquished Creatures (others)
  198 foxfires
  4 fungi (D:1)
  3 plants (D:1)
205 creatures vanquished.

Grand Total: 246 creatures vanquished

Notes
Turn   | Place    | Note
-------+----------+-------------------------------------------
     0 | D:1      | Hubjo the Deep Elf Fire Elementalist began the quest for
                  | the Orb.
     0 | D:1      | Reached XP level 1. HP: 10/10 MP: 6/6
   110 | D:1      | Found a faded altar of an unknown god.
   119 | D:1      | Prayed at the altar of an unknown god.
   119 | D:1      | Became a worshipper of Sif Muna the Loreminder
   119 | D:1      | Reached * piety under Sif Muna
   207 | D:1      | Found Owyatoyr's Weapon Shop.
   261 | D:1      | Reached XP level 2. HP: 15/16 MP: 1/8
   510 | D:1      | Reached skill level 1 in Fighting
   986 | D:1      | Found Ijennugi's Jewellery Shop.
   987 | D:1      | Found Lacidiu's Weapon Shoppe.
   987 | D:1      | Found Feajiag's Antique Armour Shoppe.
  1101 | D:1      | Reached XP level 3. HP: 19/20 MP: 4/9
  1224 | D:2      | Reached ** piety under Sif Muna
  1919 | D:2      | Identified the +3 dagger of Classification {pain, rF+
                  | Will+}
  2078 | D:3      | Noticed Sigmund
  2086 | D:3      | Slain by Sigmund

Illustrated notes

Levels and vault maps discovered:
D:1:      psy_arrival_dodecagon, layout_basic, serial_shops,
          nicolae_shop_bloodbath_and_beyond, shop, shop, shop,
          shapermc_ecumenical_altar_mp_urbaneastern
D:2:      layout_rooms
D:3:      layout_loops_ring, xom_teletrap_fun, grunt_gozag_statues,
          lemuel_crystal_altar, uniq_sigmund

Skill      XL: |  1  2 |
---------------+-------+-----
Fighting       | 1 |  1.6
Stealth        | 3 |  3.3
Dodging        | |  2.4
Spellcasting   | |  3.7
Conjurations   | |  1.1
Fire Magic     | |  3.8

Action                   || total
-------------------------++-------
Melee: Unarmed           ||    37
       Punch             ||     1
 Cast: Foxfire           ||   122
Armor: Robe              ||     2
Dodge: Dodged            ||    11

Table legend: (Time is in decaauts)
 A = Elapsed time spent in this place.
 B = Non-inter-level travel time spent in this place.
 C = Inter-level travel time spent in this place.
 D = Time resting spent in this place.
 E = Time spent auto-exploring this place.
 F = Levels seen in this place.
 G = Mean time per level.
                   A        B        C        D        E       F      G
               +--------+--------+--------+--------+--------+-----+--------+
         Total |   2085 |   2077 |      8 |      0 |   1730 |   3 |  695.0 |
       Dungeon |   2085 |   2077 |      8 |      0 |   1730 |   3 |  695.0 |
               +--------+--------+--------+--------+--------+-----+--------+

Top non-repeatable levels by time:
     D:1: 1209 daAuts
     D:2: 867 daAuts
     D:3: 8 daAuts
